[Event "1. Bamberg-Open 2018"]
[Site "Bamberg"]
[Date "2018.05.12"]
[Round "5"]
[White "Mock, Markus"]
[Black "Huemmer, Bernd"]
[Result "0-1"]
[ECO "A10"]
[WhiteElo "1994"]
[BlackElo "2141"]
[Annotator "NA"]
[PlyCount "80"]
[EventDate "2018.??.??"]
[EventType "swiss"]
[EventCountry "GER"]
[SourceTitle "playchess.com"]
[Source "ChessBase"]
[SourceQuality "1"]
[TimeControl "40/5400+30:900+30"]

1. c4 d6 2. Nc3 Nf6 3. Nf3 e5 4. d4 e4 5. Nd2 {[%emt 0:00:37] LiveBook: 109 Games A54: Old Indian Defence with Nf3, but without e4} Qe7 (5... Bf5 6. Qc2 Bg6 7. e3 c6 8. Be2 d5 9. Qb3 Qd7 10. O-O Be7 11. f3 O-O 12. fxe4 dxe4 13. c5 Na6 {1-0 (43) Nepomniachtchi,I (2729)-Rakhmanov,A (2653) Riadh 2017}) 6. e3 Nc6 $146 ({Predecessor:} 6... Bf5 7. Be2 h5 8. b4 g6 9. a4 Bg7 10. Ba3 a6 11. Nb3 O-O 12. b5 axb5 13. cxb5 {½-½ (79) Sonis,F (2422)-Rocha,S (2365) Erice 2016}) 7. Nd5 Nxd5 8. cxd5 Nd8 9. Qc2 ({White should play} 9. Qa4+ $16 c6 10. dxc6 bxc6 11. d5) 9... f5 10. f3 exf3 11. Nxf3 g6 12. Bd3 Bg7 13. O-O O-O 14. Re1 Nf7 15. Bd2 c6 16. dxc6 bxc6 17. e4 f4 18. Bxf4 (18. Qxc6 $16 Rb8 19. Bc3 (19. Bxf4 Bg4 $16)) 18... g5 19. Be3 g4 20. Nd2 Bd7 21. e5 dxe5 22. Bxh7+ Kh8 23. Bf5 (23. Nb3 $142) 23... exd4 {[%emt 0:14:03] [#]} 24. Bh6 $1 Bxf5 25. Bxg7+ Kxg7 26. Qxf5 Qg5 27. Qxg5+ ({Better is} 27. Qf2 $16) 27... Nxg5 28. Rac1 Rae8 29. Rxe8 Rxe8 30. Kf2 Re6 31. Rc5 Kg6 32. Kg3 Re2 33. Rxc6+ Kh5 34. Nf1 Rxb2 35. a4 d3 36. Ne3 d2 37. Nf5 $2 (37. Rc5 $1 $11) 37... Rb3+ 38. Kf4 $2 (38. Kf2 g3+ 39. Ke2 d1=Q+ 40. Kxd1 gxh2 41. Rh6+ Kg4 42. Rxh2 Kxf5 43. Rh6) 38... Ne6+ 39. Rxe6 Rb4+ 40. Kg3 d1=Q 0-1